TOP OF THE 1ST |
Arizona Diamondbacks batting - Pitching for Milwaukee Brewers : LHP Dale Ahernfeld
|
Pitching: LHP Dale Ahernfeld
|
|
Batting: RHB Katilimomi Kelekolio
|
0-0: Fly out, F9 (Flyball, 9LM, EV 112.5 MPH)
|
Batting: RHB Bob Najar
|
0-0: Ball 1-0: Ground out 4-3 (Groundball, 4M, EV 83.1 MPH)
|
Batting: RHB Jim Zucco
|
0-0: SINGLE (Groundball, 6MD, EV 103.8 MPH) (infield hit)
|
Batting: RHB Ji-an Li
|
0-0: Ball 1-0: Called Strike 1-1: Foul Ball, location: 2F 1-2: Ball 2-2: Ball 3-2: Base on Balls Jim Zucco to second
|
Batting: LHB Mike Mentzer
|
0-0: Ball 1-0: Foul Ball, location: 2F 1-1: Foul Ball, location: 2F 1-2: Ball 2-2: Strikes out swinging
|
Top of the 1st over - 0 runs, 1 hit, 0 errors, 2 left on base; Arizona 0 - Milwaukee 0 |
BOTTOM OF THE 1ST |
Milwaukee Brewers batting - Pitching for Arizona Diamondbacks : RHP Nate Machado
|
Pitching: RHP Nate Machado
|
|
Batting: RHB Akitada Nishizawa
|
0-0: DOUBLE (Line Drive, 9LS, EV 103.1 MPH)
|
Batting: SHB Pat Wilson
|
0-0: Foul Ball, location: 2F 0-1: Ball 1-1: Ball 2-1: Ball 3-1: Called Strike 3-2: DOUBLE (Flyball, 8RXD, EV 95.0 MPH) Akitada Nishizawa scores
|
Batting: SHB Lewis Thorpe Jr.
|
0-0: Foul Ball, location: 2F 0-1: TRIPLE (Flyball, 8RXD, EV 94.4 MPH) Pat Wilson scores
|
Batting: SHB Junzo Kato
|
0-0: Foul Ball, location: 2F 0-1: Called Strike 0-2: Ball 1-2: Strikes out swinging
|
Batting: RHB Ryan Neal
|
0-0: Ball 1-0: Swinging Strike 1-1: Ground out 5-3 (Groundball, 56, EV 85.6 MPH) Lewis Thorpe Jr. scores
|
Batting: RHB Daniel Donovan
|
0-0: Ball 1-0: Foul Ball, location: 2F 1-1: Ball 2-1: Fly out, F8 (Flyball, 8LS, EV 90.0 MPH)
|
Bottom of the 1st over - 3 runs, 3 hits, 0 errors, 0 left on base; Arizona 0 - Milwaukee 3 |
TOP OF THE 2ND |
Arizona Diamondbacks batting - Pitching for Milwaukee Brewers : LHP Dale Ahernfeld
|
Batting: LHB Roy Steigerwald
|
0-0: Ball 1-0: SINGLE (Line Drive, 89M, EV 101.9 MPH)
|
Batting: SHB Warren Eisner
|
0-0: Called Strike 0-1: Ball 1-1: Foul Ball, location: 2F 1-2: Foul Ball, location: 2F 1-2: Strikes out swinging
|
Batting: RHB Dusty Thompson
|
0-0: Called Strike 0-1: 2-RUN HOME RUN (Flyball, 89XD, EV 100.6 MPH), Distance : 416 ft
|
Batting: RHB Marlon Reda
|
0-0: Ball 1-0: Ground out 4-3 (Groundball, 4, EV 79.4 MPH)
|
Batting: RHB Katilimomi Kelekolio
|
0-0: Ball 1-0: Foul Ball, location: 2F 1-1: Foul Ball, location: 2F 1-2: Ball 2-2: Foul Ball, location: 2F 2-2: Foul Ball, location: 2F 2-2: Ground out 4-3 (Groundball, 4, EV 100.0 MPH)
|
Top of the 2nd over - 2 runs, 2 hits, 0 errors, 0 left on base; Arizona 2 - Milwaukee 3 |
BOTTOM OF THE 2ND |
Milwaukee Brewers batting - Pitching for Arizona Diamondbacks : RHP Nate Machado
|
Batting: RHB Noah Stanley
|
0-0: Called Strike 0-1: SINGLE (Line Drive, 8RS, EV 99.4 MPH)
|
Batting: RHB Kisho Ito
|
0-0: Fly out, F4 (Line Drive, 4, EV 75.6 MPH)
|
Batting: RHB Ben Campbell
|
0-0: Called Strike 0-1: Ball 1-1: Foul Ball, location: 2F 1-2: Ball Wild Pitch! Noah Stanley to second 2-2: Strikes out swinging
|
Batting: RHB Akitada Nishizawa
|
0-0: Ball 1-0: Ground out 6-3 (Groundball, 6, EV 95.6 MPH)
|
Bottom of the 2nd over - 0 runs, 1 hit, 0 errors, 1 left on base; Arizona 2 - Milwaukee 3 |
TOP OF THE 3RD |
Arizona Diamondbacks batting - Pitching for Milwaukee Brewers : LHP Dale Ahernfeld
|
Batting: RHB Bob Najar
|
0-0: Ball 1-0: Swinging Strike 1-1: Ground out 5-3 (Groundball, 56S, EV 83.1 MPH)
|
Batting: RHB Jim Zucco
|
0-0: Ball 1-0: Ball 2-0: DOUBLE (Flyball, 8RXD, EV 105.6 MPH)
|
Pinch Runner at 2nd Alec Thorpe:
|
|
Batting: RHB Ji-an Li
|
0-0: Ball 1-0: Called Strike 1-1: Called Strike 1-2: Strikes out swinging
|
Pitching: RHP Chitoji Takemoto
|
|
Batting: LHB Mike Mentzer
|
0-0: Called Strike 0-1: Foul Ball, location: 2F 0-2: Ball 1-2: Ball 2-2: Foul Ball, location: 2F 2-2: Strikes out swinging
|
Top of the 3rd over - 0 runs, 1 hit, 0 errors, 1 left on base; Arizona 2 - Milwaukee 3 |
BOTTOM OF THE 3RD |
Milwaukee Brewers batting - Pitching for Arizona Diamondbacks : RHP Nate Machado
|
Now at SS: Alec Thorpe
|
|
Batting: SHB Pat Wilson
|
0-0: Ball 1-0: Called Strike 1-1: SINGLE (Groundball, 34D, EV 98.1 MPH)
|
Batting: SHB Lewis Thorpe Jr.
|
0-0: Ball 1-0: Called Strike 1-1: Ball Pat Wilson steals 2nd base 2-1: Ball 3-1: Foul Ball, location: 2F 3-2: SINGLE (Groundball, 34D, EV 95.0 MPH) Pat Wilson to third
|
Batting: SHB Junzo Kato
|
0-0: SINGLE (Line Drive, 56D, EV 106.2 MPH) Pat Wilson scores Lewis Thorpe Jr. to second
|
Batting: RHB Ryan Neal
|
0-0: Foul Ball, location: 2F 0-1: Ball 1-1: Grounds into double play, 6-4-3 (Groundball, 6, EV 108.1 MPH) Lewis Thorpe Jr. to third
|
Pitching: RHP Cody Savastand
|
|
Batting: RHB Daniel Donovan
|
0-0: Ball 1-0: Foul Ball, location: 2F 1-1: Ball 2-1: Foul Ball, location: 2F 2-2: Strikes out swinging
|
Bottom of the 3rd over - 1 run, 3 hits, 0 errors, 1 left on base; Arizona 2 - Milwaukee 4 |
TOP OF THE 4TH |
Arizona Diamondbacks batting - Pitching for Milwaukee Brewers : RHP Chitoji Takemoto
|
Pitching: LHP Jamie Blake
|
|
Batting: LHB Roy Steigerwald
|
0-0: Called Strike 0-1: Ball 1-1: Ball 2-1: Foul Ball, location: 2F 2-2: Foul Ball, location: 2F 2-2: Strikes out looking
|
Batting: SHB Warren Eisner
|
0-0: Ball 1-0: Called Strike 1-1: Ground out 5-3 (Groundball, 5, EV 79.4 MPH)
|
Batting: RHB Dusty Thompson
|
0-0: Swinging Strike 0-1: Ball 1-1: Fly out, F6 (Popup, 6, EV 58.1 MPH)
|
Top of the 4th over - 0 runs, 0 hits, 0 errors, 0 left on base; Arizona 2 - Milwaukee 4 |
BOTTOM OF THE 4TH |
Milwaukee Brewers batting - Pitching for Arizona Diamondbacks : RHP Cody Savastand
|
Pitching: LHP Afanasy Apatenko
|
|
Batting: RHB Noah Stanley
|
0-0: Ball 1-0: Ground out 5-3 (Groundball, 56, EV 85.0 MPH)
|
Batting: RHB Kisho Ito
|
0-0: Ball 1-0: Called Strike 1-1: Swinging Strike 1-2: Strikes out swinging
|
Batting: RHB Ben Campbell
|
0-0: Ball 1-0: Ball 2-0: Ball 3-0: Base on Balls
|
Pinch Hitting: LHB Alfredo de la Cruz
|
0-0: Called Strike 0-1: Ball 1-1: Swinging Strike 1-2: Ball 2-2: Foul Ball, location: 2F 2-2: 2-RUN HOME RUN (Line Drive, 9LD, EV 97.5 MPH), Distance : 361 ft
|
Batting: RHB Dave Gonzalez
|
0-0: Ball 1-0: Swinging Strike 1-1: Ball 2-1: Swinging Strike 2-2: Foul Ball, location: 2F 2-2: Ground out 5-3 (Groundball, 5, EV 86.2 MPH)
|
Bottom of the 4th over - 2 runs, 1 hit, 0 errors, 0 left on base; Arizona 2 - Milwaukee 6 |
TOP OF THE 5TH |
Arizona Diamondbacks batting - Pitching for Milwaukee Brewers : LHP Jamie Blake
|
Now in CF: Mike Williams
|
|
Now in RF: Alfredo de la Cruz
|
|
Batting: RHB Marlon Reda
|
0-0: Ball 1-0: Ground out 6-3 (Groundball, 6, EV 89.4 MPH)
|
Pinch Hitting: LHB Kyle Beaulieu
|
0-0: Swinging Strike 0-1: Called Strike 0-2: Strikes out swinging
|
Pinch Hitting: SHB Salvador Aragon
|
0-0: Ball 1-0: Ball 2-0: Called Strike 2-1: SINGLE (Groundball, 6, EV 98.8 MPH)
|
Batting: SHB Alec Thorpe
|
0-0: Called Strike 0-1: Foul Ball, location: 2F 0-2: Ball 1-2: Ball 2-2: Foul Ball, location: 2F 2-2: Foul Ball, location: 2F 2-2: Ball 3-2: Fly out, F7 (Flyball, 7, EV 90.6 MPH)
|
Top of the 5th over - 0 runs, 1 hit, 0 errors, 1 left on base; Arizona 2 - Milwaukee 6 |
BOTTOM OF THE 5TH |
Milwaukee Brewers batting - Pitching for Arizona Diamondbacks : LHP Afanasy Apatenko
|
Pitching: RHP Rich Garces
|
|
Now at 2B: Kyle Beaulieu
|
|
Now at 3B: Warren Eisner
|
|
Now in LF: Roy Steigerwald
|
|
Now in RF: Salvador Aragon
|
|
Batting: SHB Mike Williams
|
0-0: SINGLE (Groundball, 34D, EV 105.0 MPH)
|
Pinch Hitting: RHB Chris King
|
0-0: Swinging Strike 0-1: Called Strike 0-2: Fly out, F9 (Line Drive, 9D, EV 103.1 MPH)
|
Pinch Hitting: RHB Mike Ball
|
0-0: Ball 1-0: Ball 2-0: Called Strike 2-1: Ground out 5-3 (Groundball, 5L, EV 90.6 MPH) Mike Williams to second
|
Batting: RHB Daniel Donovan
|
0-0: Foul Ball, location: 2F 0-1: Ball 1-1: Ball 2-1: Called Strike 2-2: Strikes out looking
|
Bottom of the 5th over - 0 runs, 1 hit, 0 errors, 1 left on base; Arizona 2 - Milwaukee 6 |
TOP OF THE 6TH |
Arizona Diamondbacks batting - Pitching for Milwaukee Brewers : LHP Jamie Blake
|
Pitching: RHP Brett Rosinsky
|
|
Now at 1B: Joe LaDue
|
|
Now at 3B: Mike Ball
|
|
Batting: RHB Andy Swaim
|
0-0: Called Strike 0-1: Called Strike 0-2: Foul Ball, location: 2F 0-2: SINGLE (Flyball, 8LS, EV 97.5 MPH)
|
Pinch Hitting: LHB Jeff Densmore
|
0-0: Called Strike 0-1: 2-RUN HOME RUN (Flyball, 7LD, EV 95.6 MPH), Distance : 367 ft
|
Pinch Hitting: LHB Kevin Ferguson
|
0-0: Foul Ball, location: 2F 0-1: Foul Ball, location: 2F 0-2: Ground out 6-3 (Groundball, 6, EV 88.8 MPH)
|
Pinch Hitting: LHB Steve Reinhart
|
0-0: Called Strike 0-1: SINGLE (Groundball, 25, EV 73.8 MPH) (infield hit)
|
Pinch Hitting: SHB Perry Tuckfard
|
0-0: Called Strike Steve Reinhart is caught stealing 2nd base 2-6 0-1: Foul Ball, location: 2F 0-2: Ground out 4-3 (Groundball, 4, EV 78.8 MPH)
|
Top of the 6th over - 2 runs, 3 hits, 0 errors, 0 left on base; Arizona 4 - Milwaukee 6 |
BOTTOM OF THE 6TH |
Milwaukee Brewers batting - Pitching for Arizona Diamondbacks : RHP Rich Garces
|
Pitching: RHP Gerardo Camacho
|
|
Now at 1B: Perry Tuckfard
|
|
Now at 3B: Steve Reinhart
|
|
Now in LF: Kevin Ferguson
|
|
Now in CF: Jeff Densmore
|
|
Pinch Hitting: RHB Sadataka Kuwahara
|
0-0: Called Strike 0-1: Called Strike 0-2: SINGLE (Line Drive, 9LS, EV 96.2 MPH)
|
Pinch Hitting: RHB Adrian Rudkilde
|
0-0: Ball 1-0: Swinging Strike 1-1: Ball 2-1: Swinging Strike 2-2: Strikes out swinging
|
Batting: RHB Ben Campbell
|
0-0: Ball 1-0: Ball 2-0: Ball 3-0: Called Strike 3-1: Called Strike 3-2: Foul Ball, location: 2F 3-2: Foul Ball, location: 2F 3-2: Strikes out swinging
|
Batting: LHB Alfredo de la Cruz
|
0-0: Called Strike 0-1: Ball 1-1: Foul Ball, location: 2F 1-2: Strikes out swinging
|
Bottom of the 6th over - 0 runs, 1 hit, 0 errors, 1 left on base; Arizona 4 - Milwaukee 6 |
TOP OF THE 7TH |
Arizona Diamondbacks batting - Pitching for Milwaukee Brewers : RHP Brett Rosinsky
|
Pitching: RHP Adam McCurdy
|
|
Now at 2B: Adrian Rudkilde
|
|
Now at SS: Sadataka Kuwahara
|
|
Now in LF: Chad Persaud
|
|
Batting: RHB Marlon Reda
|
0-0: Ball 1-0: Foul Ball, location: 2F 1-1: Ball 2-1: Swinging Strike 2-2: Ground out 4-3 (Groundball, 4, EV 79.4 MPH)
|
Batting: LHB Kyle Beaulieu
|
0-0: Ground out U3 (Groundball, 34, EV 76.9 MPH)
|
Batting: SHB Salvador Aragon
|
0-0: Ball 1-0: Ball 2-0: Foul Ball, location: 2F 2-1: Foul Ball, location: 2F 2-2: Foul Ball, location: 2F 2-2: Ball 3-2: Base on Balls
|
Batting: SHB Alec Thorpe
|
0-0: Ball 1-0: Ball 2-0: Ball 3-0: Called Strike 3-1: Foul Ball, location: 2F 3-2: Base on Balls Salvador Aragon to second
|
Batting: RHB Andy Swaim
|
0-0: Called Strike 0-1: Ball 1-1: Swinging Strike 1-2: Ball 2-2: Foul Ball, location: 2F 2-2: Ball 3-2: Foul Ball, location: 2F 3-2: Fly out, F4 (Line Drive, 4, EV 73.8 MPH)
|
Top of the 7th over - 0 runs, 0 hits, 0 errors, 2 left on base; Arizona 4 - Milwaukee 6 |
BOTTOM OF THE 7TH |
Milwaukee Brewers batting - Pitching for Arizona Diamondbacks : RHP Gerardo Camacho
|
Pitching: LHP Mario Valdivia
|
|
Batting: RHB Dave Gonzalez
|
0-0: Swinging Strike 0-1: Ball 1-1: Ball 2-1: Ball 3-1: Base on Balls
|
Batting: SHB Mike Williams
|
0-0: Ball 1-0: Foul Ball, location: 2F 1-1: Foul Ball, location: 2F 1-2: Strikes out swinging
|
Batting: RHB Joe LaDue
|
0-0: Foul Ball, location: 2F 0-1: Ball 1-1: Called Strike Pickoff Throw to First - Out! 1-3 CS 1-2: Foul Ball, location: 2F 1-2: SOLO HOME RUN (Flyball, 9D, EV 99.4 MPH), Distance : 382 ft
|
Batting: RHB Mike Ball
|
0-0: Foul Ball, location: 2F 0-1: SINGLE (Flyball, 89S, EV 85.0 MPH)
|
Batting: LHB Chad Persaud
|
0-0: Ball 1-0: Ball 2-0: Called Strike 2-1: Called Strike 2-2: DOUBLE (Line Drive, 9LS, EV 88.8 MPH) Mike Ball to third Mike Ball scores
|
Batting: RHB Sadataka Kuwahara
|
0-0: Ball 1-0: Foul Ball, location: 2F 1-1: Ball 2-1: Swinging Strike 2-2: Strikes out swinging
|
Bottom of the 7th over - 2 runs, 3 hits, 0 errors, 1 left on base; Arizona 4 - Milwaukee 8 |
TOP OF THE 8TH |
Arizona Diamondbacks batting - Pitching for Milwaukee Brewers : RHP Adam McCurdy
|
Pitching: RHP Drew Tollefsen
|
|
Batting: LHB Jeff Densmore
|
0-0: Ball 1-0: Swinging Strike 1-1: Swinging Strike 1-2: Strikes out swinging
|
Batting: LHB Kevin Ferguson
|
0-0: Ball 1-0: Ball 2-0: Ball 3-0: Called Strike 3-1: Called Strike 3-2: Foul Ball, location: 2F 3-2: Fly out, F7 (Flyball, 78M, EV 89.4 MPH)
|
Batting: LHB Steve Reinhart
|
0-0: Foul Ball, location: 2F 0-1: Fly out, F8 (Line Drive, 8LS, EV 88.1 MPH)
|
Top of the 8th over - 0 runs, 0 hits, 0 errors, 0 left on base; Arizona 4 - Milwaukee 8 |
BOTTOM OF THE 8TH |
Milwaukee Brewers batting - Pitching for Arizona Diamondbacks : LHP Mario Valdivia
|
Pitching: RHP Manny Ferrer
|
|
Batting: RHB Adrian Rudkilde
|
0-0: Ball 1-0: Ball 2-0: Called Strike 2-1: Ground out 1-3 (Groundball, 25, EV 70.6 MPH)
|
Batting: RHB Ben Campbell
|
0-0: Ball 1-0: Fly out, F9 (Flyball, 9, EV 82.5 MPH)
|
Batting: LHB Alfredo de la Cruz
|
0-0: Foul Ball, location: 2F 0-1: Called Strike 0-2: Foul Ball, location: 2F 0-2: Strikes out swinging
|
Bottom of the 8th over - 0 runs, 0 hits, 0 errors, 0 left on base; Arizona 4 - Milwaukee 8 |
TOP OF THE 9TH |
Arizona Diamondbacks batting - Pitching for Milwaukee Brewers : RHP Drew Tollefsen
|
Pitching: RHP Jonathon Crunk
|
|
Batting: SHB Perry Tuckfard
|
0-0: Called Strike 0-1: Ball 1-1: Foul Ball, location: 2F 1-2: Ball 2-2: Foul Ball, location: 2F 2-2: Ball 3-2: Ground out 1-3 (Groundball, 13, EV 66.2 MPH)
|
Batting: RHB Marlon Reda
|
0-0: Ball 1-0: Called Strike 1-1: Called Strike 1-2: Ball 2-2: Strikes out swinging
|
Pinch Hitting: RHB Edgar Garcia
|
0-0: Ball 1-0: Ground out U3 (Groundball, 3S, EV 87.5 MPH)
|
Top of the 9th over - 0 runs, 0 hits, 0 errors, 0 left on base; Arizona 4 - Milwaukee 8 |
|